 Dungeon Sprint DCSS version 0.27.1-2-g3b301248ec (webtiles) character file.

Game seed: 2082632533710120123

109 Jahmms the Skirmisher (level 4, -2/45 HPs)
             Began as a Hill Orc Fighter on Oct 4, 2021.
             Slain by Sigmund (4 damage)
             ... in the Dungeon (Sprint I: "Red Sonja").
             The game lasted 00:05:59 (403 turns).

Jahmms the Skirmisher (Hill Orc Fighter)             Turns: 403, Time: 00:05:59

Health: -2/45      AC:  7    Str: 19    XL:     4   Next: 90%
Magic:  4/4        EV:  7    Int:  8    God:
Gold:   54         SH: 10    Dex: 10    Spells: 3/3 levels left

rFire    . . .     SeeInvis .   a - +0 flail
rCold    . . .     Faith    .   c - +0 kite shield
rNeg     . . .     Spirit   .   b - +0 scale mail
rPois    .         Reflect  .   (no helmet)
rElec    .         Harm     .   (no cloak)
rCorr    .         Rampage  .   (no gloves)
Will     .....     NoTele   +   (no boots)
Stlth    ..........             (no amulet)
HPRegen  0.15/turn              (no ring)
MPRegen  0.09/turn              (no ring)

@: no status effects
A: no striking features
a: no special abilities


You were in the Dungeon.
You visited 1 branch You collected 54 gold pieces.

Inventory:

Hand Weapons
 a - a +0 flail (weapon)
 k - a +0 dagger
Armour
 b - a +0 scale mail (worn)
 c - a +0 kite shield (worn)
 l - a +0 ring mail
Potions
 g - a potion of haste
 h - 2 potions of magic
 i - a potion of berserk rage


   Skills:
 + Level 6.7 Fighting
 + Level 4.6 Maces & Flails
 + Level 6.4 Armour
 + Level 6.1 Shields


You had 3 spell levels left.
You didn't know any spells.
Your spell library was empty.

Dungeon Overview and Level Annotations

Branches:
Dungeon (1/1)

Altars:
Sif Muna
Vehumet
Wu Jian

Annotations:
D Sigmund


Message History

Orders for allies: a - Attack new target. r - Retreat! s - Stop attacking. g - Guard the area. f - Follow me.
Anything else - Cancel.
Okay, then.
Autopickup is now on.
Sigmund appears from thin air!
Sigmund barely misses you.
You see here 27 gold pieces.
You see here 27 gold pieces.
Sigmund hits you with a +0 scythe.
* * * LOW HITPOINT WARNING * * *
You see here 27 gold pieces.
You block Sigmund's attack.
You see here 27 gold pieces.
You see here 27 gold pieces.
Sigmund points at you and mumbles some strange words.
The puff of flame hits you.
* * * LOW HITPOINT WARNING * * *
You see here 27 gold pieces.
You open the door.
Sigmund points at you and mumbles some strange words.
You are confused.
Found a scroll labelled TEXOMI FOOTZOUVEP and 21 sling bullets.
Found two altars.
A jelly comes into view.
The jelly quivers.
Sigmund casts a spell.
Sigmund flickers and vanishes!
Deactivating autopickup; reactivate with Ctrl-A.
The jelly moves out of view.
There is an open door here.
You feel better. Something hits you.
* * * LOW HITPOINT WARNING * * *
Found a radiant altar of Vehumet.
You see here a scroll labelled TEXOMI FOOTZOUVEP.
You hit the jelly.
Your hands burn!
* * * LOW HITPOINT WARNING * * *
The jelly is moderately wounded.
You block the jelly's attack. Something hits you.
You die...

################
#<.#..').#..'$$#
#..'÷.#..'..#{$+
#..#####'#####'#
#..# #..# #@#
#..# #### #J#
#..# _.+ #⌠⌠#
.._# #### _.#+#
##+


You could see a jelly.

Vanquished Creatures
  An ogre (D)
  Ijyb (D)
2 creatures vanquished.

Notes
Turn   | Place    | Note
-------+----------+-------------------------------------------
     0 | D        | Jahmms the Hill Orc Fighter began the quest for the Orb.
     0 | D        | Reached XP level 1. HP: 19/19 MP: 1/1
     2 | D        | Noticed Ijyb
     8 | D        | Killed Ijyb
     9 | D        | Reached skill level 5 in Fighting
     9 | D        | Reached XP level 2. HP: 16/29 MP: 2/2
     9 | D        | Reached XP level 3. HP: 20/36 MP: 3/3
   142 | D        | Noticed an ogre
   150 | D        | Killed an ogre
   151 | D        | Reached XP level 4. HP: 14/45 MP: 4/4
   364 | D        | Noticed Sigmund
   399 | D        | Found an ornate altar of the Wu Jian Council.
   399 | D        | Found a shimmering blue altar of Sif Muna.
   402 | D        | Found a radiant altar of Vehumet.
   403 | D        | HP: 2/45 [acid (5)]
   403 | D        | Slain by Sigmund

Illustrated notes

Levels and vault maps discovered:
D:        dungeon_sprint_1 [red_sonja_temple_1, red_sonja_temple_small_1]

Skill      XL: |  1  2  3 |
---------------+----------+-----
Fighting       | 5 6 |  6.7
Maces & Flails | 3 4 |  4.6
Armour         | 4 6 |  6.4
Shields        | 4 6 |  6.1

Action                   |  1- 3 |  4- 6 || total
-------------------------+-------+-------++-------
Melee: Flail             |    11 |     9 ||    20
  Use: Potion            |     1 |     2 ||     3
       Scroll            |       |     1 ||     1
Armor: Scale mail        |     1 |     3 ||     4
Dodge: Dodged            |     1 |     3 ||     4
Block: Kite shield       |     5 |     4 ||     9
